 Dungeon Crawl Stone Soup version 0.32-a0-468-g38b2580584 (webtiles) character file.

Game seed: 1327037133294588296

379 CougarLife the Digger (level 6, 0/32 HPs)
             Began as a Gargoyle Earth Elementalist on Feb 25, 2024.
             Slain by a goblin
             ... wielding a +0 dagger
              (3 damage)
             ... on level 4 of the Dungeon.
             The game lasted 00:02:12 (2539 turns).

CougarLife the Digger (Gargoyle Earth Elementalist) Turns: 2539, Time: 00:02:12

Health: 0/32       AC: 11    Str: 11    XL:     6   Next: 74%
Magic:  1/12       EV: 11    Int: 18    God:
Gold:   179        SH:  0    Dex: 10    Spells: 12/13 levels left

rFire   . . .        c - +0 dagger
rCold   . . .        (no shield)
rNeg    + . .        x - +1 robe {Will+}
rPois   ∞            j - +2 hat
rElec   +            i - +0 cloak
rCorr   .            a - +0 pair of gloves
SInv    .            (no boots)
Will    +....        (no amulet)
Stlth   ++           (no ring)
HPRegen 0.25/turn    (no ring)
MPRegen 0.13/turn

%: no passive effects
@: no status effects
A: sickness immunity, AC +4, negative energy resistance 1, electricity
resistance, torment resistance 1, petrification resistance
a: no special abilities


You were on level 4 of the Dungeon.
You visited 1 branch of the dungeon, and saw 4 of its levels.

You collected 179 gold pieces.

Inventory:

Hand Weapons
 c - a +0 dagger (weapon)
Armour
 a - a +0 pair of gloves (worn)
 i - a +0 cloak (worn)
 j - a +2 hat (worn)
 w - a scarf of resistance
 x - a +1 robe of willpower (worn)
Scrolls
 f - a scroll of summoning {unknown}
 g - 2 scrolls of teleportation {unknown}
 h - a scroll of vulnerability {unknown}
 l - 2 scrolls of blinking {unknown}
 m - 2 scrolls of enchant weapon {unknown}
 n - a scroll of revelation {unknown}
 o - a scroll of fog {unknown}
 p - a scroll of acquirement {unknown}
 q - a scroll of poison {unknown}
 t - a scroll of identify {unknown}
 u - a scroll of fear {unknown}
 v - a scroll of immolation {unknown}
Potions
 b - a potion of magic
 d - a potion of degeneration {unknown}
 e - a potion of might {unknown}
 k - a potion of ambrosia {unknown}
 r - a potion of invisibility {unknown}
 s - a potion of curing {unknown}


   Skills:
 - Level 1.5 Dodging
 - Level 2.1 Stealth
 + Level 4.1 Spellcasting
 + Level 4.1 Conjurations
 + Level 5.8 Earth Magic


You had 12 spell levels left.
You knew the following spells:

 Your Spells              Type           Power      Damage    Failure   Level
a - Sandblast             Erth           48%        2d12      1%          1

Your spell library contained the following spells:

 Spells                   Type           Power      Damage    Failure   Level
 Passwall                 Erth           24%        N/A       4%          3
 Stone Arrow              Conj/Erth      42%        3d9       5%          3
 Brom's Barrelling Bould  Conj/Erth      21%        2d4       19%         4
 Petrify                  Alch/Erth      14%        N/A       41%         4


Dungeon Overview and Level Annotations

Branches:
Dungeon (4/15)
 Temple: D:4-7

Altars:
The Shining One
Beogh


Innate Abilities, Weirdness & Mutations

You are immune to sickness and miasma.
Your stone body is resilient. (AC +4)
You are immune to poison.
You resist negative energy. (rN+)
You are resistant to electric shocks. (rElec)
You are resistant to unholy torment.
You are immune to petrification.


Message History

The adder bites you but does no damage. The goblin hits you with a +0 dagger.
The sleepcap misses you.
You hit the sleepcap but do no damage.
The sleepcap is almost destroyed.
The adder bites you. The goblin barely misses you.
The sleepcap releases spores at you.
You hit the sleepcap but do no damage.
The sleepcap is almost destroyed.
The adder closely misses you. The adder bites you but does no damage.
The goblin closely misses you. The sleepcap closely misses you.
You hit the sleepcap but do no damage.
The sleepcap is almost destroyed.
The adder completely misses you. The goblin barely misses you.
The sleepcap closely misses you.
You hit the sleepcap.
The sleepcap is almost destroyed.
The adder bites you but does no damage. The goblin hits you but does no damage.
The sleepcap releases spores at you but does no damage.
You hit the sleepcap.
The sleepcap is almost destroyed.
The adder bites you but does no damage. The goblin misses you.
The adder bites you but does no damage. The sleepcap barely misses you.
You hit the sleepcap but do no damage.
The sleepcap is almost destroyed.
The adder bites you but does no damage. The goblin misses you.
The sleepcap releases spores at you!
* * * LOW HITPOINT WARNING * * *
Casting: Sandblast (safe; 1% risk of failure)
Confirm with . or Enter, or press ? or * to list all spells.
Aiming: Sandblast (safe; 1% risk of failure)
Press: ? - help, Shift-Dir - straight line, f/p - sleepcap
Aim: a sleepcap (almost destroyed, 100% to hit)
The blast of sand hits the sleepcap!
You destroy the sleepcap!
The adder bites you but does no damage. The goblin hits you with a +0 dagger.
* * * LOW HITPOINT WARNING * * *
The adder closely misses you.
You hit the adder but do no damage. The adder bites you but does no damage.
The goblin hits you with a +0 dagger.
You die...

.............f..
#................
.................
.................
..?..............
.................
.................
.......)g........
........@S.......
.................
....##.....$.....
.................
.....#...........
#..#.............
. ###...........
#..........#


You could see an adder and a goblin.

Vanquished Creatures
  Grinder (D:3)
  2 orc priests (D:3)
  A sleepcap (D:4)
  2 adders
  A dart slug (D:3)
  3 ribbon worms
  2 orcs (D:3)
  2 endoplasms
  3 giant cockroaches
  7 hobgoblins
  6 kobolds
  2 quokkas (D:1)
  6 ball pythons
  9 bats
  3 frilled lizards
  8 goblins
  7 rats
65 creatures vanquished.

Notes
Turn   | Place    | Note
-------+----------+-------------------------------------------
     0 | D:1      | CougarLife the Gargoyle Earth Elementalist began the quest
                  | for the Orb.
     0 | D:1      | Reached XP level 1. HP: 10/10 MP: 3/3
    79 | D:1      | Reached XP level 2. HP: 15/15 MP: 0/5
   224 | D:1      | Reached skill level 4 in Earth Magic
   452 | D:1      | Reached XP level 3. HP: 19/19 MP: 4/6
  1474 | D:2      | Reached XP level 4. HP: 22/24 MP: 5/8
  1922 | D:3      | Found a roughly hewn altar of Beogh.
  1928 | D:3      | Reached XP level 5. HP: 15/28 MP: 2/9
  2029 | D:3      | Noticed Grinder
  2039 | D:3      | Paralysed by Grinder for 4 turns
  2043 | D:3      | Killed Grinder
  2044 | D:3      | Reached skill level 5 in Earth Magic
  2044 | D:3      | Reached XP level 6. HP: 18/32 MP: 2/11
  2229 | D:3      | Found a glowing golden altar of the Shining One.
  2539 | D:4      | Slain by a goblin

Illustrated notes

Levels and vault maps discovered:
D:1:      minmay_arrival_cross, layout_rooms, chequers_serial_rivers_marsh,
          hangedman_feature_mirror, minmay_misc_feat_columns,
          minmay_misc_feat_encased
D:2:      layout_basic, nrook_uturn, chequers_serial_rivers_micro_d,
          serial_bayou_ford_a, dk_noncrumbling_4
D:3:      layout_rooms, lemuel_doored_altar, kennysheep_orc_chapel, uniq_grinder
D:4:      layout_rooms, serial_shops, nicolae_shop_hallway_plus

Skill      XL: |  1  2  3  4  5  6 |
---------------+-------------------+-----
Earth Magic    | 4 5 |  5.8
Conjurations   | 2 4 |  4.1
Spellcasting   | 3 4 |  4.1
Dodging        | |  1.5
Stealth        | |  2.1

Action                     |  1- 3 |  4- 6 || total
---------------------------+-------+-------++-------
  Melee: Unarmed           |     5 |       ||     5
         Punch             |     1 |       ||     1
         Dagger            |    11 |    13 ||    24
   Cast: Sandblast         |    49 |    40 ||    89
 Armour: Robe              |    19 |    43 ||    62
  Dodge: Dodged            |    26 |    24 ||    50

Table legend: (Time is in decaauts)
 A = Elapsed time spent in this place.
 B = Non-inter-level travel time spent in this place.
 C = Inter-level travel time spent in this place.
 D = Time resting spent in this place.
 E = Time spent auto-exploring this place.
 F = Levels seen in this place.
 G = Mean time per level.
                   A        B        C        D        E       F      G
               +--------+--------+--------+--------+--------+-----+--------+
         Total |   2596 |   2450 |    146 |    182 |   1838 |   4 |  649.0 |
       Dungeon |   2596 |   2450 |    146 |    182 |   1838 |   4 |  649.0 |
               +--------+--------+--------+--------+--------+-----+--------+

Top non-repeatable levels by time:
     D:2: 1068 daAuts
     D:1: 766 daAuts
     D:3: 719 daAuts
     D:4: 42 daAuts
